 Dungeon Crawl Stone Soup version 0.30-a0-824-g6c64550be9 (webtiles) character file.

Game seed: 1071158117538696097

4114 Nacht the Purveyor of Pain (level 10, -2/75 HPs)
             Began as a Naga Necromancer on Feb 27, 2023.
             Was an Initiate of Kikubaaqudgha.
             Slain by Duvessa
             ... wielding a +0 short sword
              (9 damage)
             ... on level 7 of the Dungeon.
             The game lasted 00:14:57 (9772 turns).

Nacht the Purveyor of Pain (Naga Necromancer)       Turns: 9772, Time: 00:14:57

Health: -2/75      AC:  6    Str: 11    XL:     10   Next: 26%
Magic:  4/21       EV:  9    Int: 20    God:    Kikubaaqudgha [......]
Gold:   400        SH:  0    Dex: 11    Spells: 14/24 levels left

rFire   + . .      SeeInvis +    b - +0 dagger
rCold   + + .      Faith    .    (no shield)
rNeg    . . .      Spirit   .    d - +1 leather armour
rPois   +          Reflect  .    (no helmet)
rElec   .          Harm     .    n - scarf {rC+ rF+}
rCorr   .          Rampage  .    k - +0 pair of gloves
Will    ++...                    (no barding)
Stlth   ++++                     (no amulet)
HPRegen 0.32/turn                (no ring)
MPRegen 0.17/turn                (no ring)

@: mighty, on berserk cooldown, slowed, very slow
A: AC +3, large, see invisible, deformed body, poison resistance, slowness 2,
spit poison 1, naga tail 1, cold resistance 1, strong-willed 1
a: Spit Poison, Renounce Religion


You were on level 7 of the Dungeon.
You worshipped Kikubaaqudgha.
Kikubaaqudgha was noncommittal.
You visited 2 branches of the dungeon, and saw 9 of its levels.

You collected 400 gold pieces.

Inventory:

Hand Weapons
 b - a +0 dagger (weapon)
Missiles
 q - 55 poisoned darts
Armour
 c - a +0 cloak
 d - a +1 leather armour (worn)
 k - a +0 pair of gloves (worn)
 n - a scarf of resistance (worn)
Jewellery
 g - an amulet of the acrobat
 l - a +6 ring of strength
 s - an amulet of guardian spirit
Wands
 f - a wand of flame (10) (quivered)
 p - a wand of quicksilver (5)
Scrolls
 a - a scroll of magic mapping
 e - 5 scrolls of enchant armour
 j - 10 scrolls of identify
Potions
 h - a potion of might
 i - a potion of berserk rage
 m - a potion of mutation


   Skills:
 - Level 1.5 Dodging
 - Level 9.0 Stealth
 * Level 7.7 Spellcasting
 * Level 9.2 Necromancy
 - Level 7.0 Earth Magic


You had 14 spell levels left.
You knew the following spells:

 Your Spells              Type           Power      Damage    Failure   Level
a - Sandblast             Erth           70%        2d15      1%          1
b - Vampiric Draining     Necr           44%        2d9       1%          3
c - Animate Dead          Necr           44%        N/A       2%          4
t - Sublimation of Blood  Necr           44%        N/A       1%          2

Your spell library contained the following spells:

 Spells                   Type           Power      Damage    Failure   Level
 Necrotise                Necr           100%       1d9       1%          1
 Passwall                 Tmut/Erth      17%        N/A       4%          2
 Agony                    Necr           44%        N/A       8%          5
 Apportation              Tloc           14%        N/A       12%         1
 Foxfire                  Conj/Fire      28%        2x1d5     12%         1
 Summon Small Mammal      Summ           28%        N/A       12%         1
 Ensorcelled Hibernation  Hex/Ice        14%        N/A       17%         2
 Wereblood                Tmut           7%         N/A       17%         2
 Ignite Poison            Fire/Tmut/Pois 7%         N/A       34%         3
 Swiftness                Air            7%         N/A       34%         3
 Sticky Flame             Conj/Fire      7%         2d3       75%         4
 Haunt                    Necr/Summ      13%        N/A       100%        7
 Summon Hydra             Summ           3%         N/A       100%        7
 Ignition                 Fire           3%         3d4       100%        8
 Infestation              Necr           22%        N/A       100%        8
 Chain Lightning          Conj/Air       3%         3d4       100%        9
 Fire Storm               Conj/Fire      3%         8d1       100%        9
 Shatter                  Erth           17%        3d16*     100%        9


Dungeon Overview and Level Annotations

Branches:
Dungeon (8/15)             Temple (1/1) D:5
   Lair: D:8-11

Altars:
Ashenzari
Cheibriados
Dithmenos
Elyvilon
Fedhas
Gozag
Hepliaklqana
Kikubaaqudgha
Makhleb
Nemelex Xobeh
Okawaru
Qazlal
Ru
Sif Muna
Trog
Uskayaw
Vehumet
Wu Jian
Xom
Yredelemnul
Zin
The Shining One

Shops:
D:2 (

Annotations:
D:5 3 runed translucent doors, Darkkill's ghost, amateur MiHu
D:6 1 runed translucent door, Airmonger's ghost, novice DsFi
D:7 Duvessa


Innate Abilities, Weirdness & Mutations

Your serpentine skin is tough. (AC +3)
You have supernaturally acute eyesight. (SInv)
Armour fits poorly on your strangely shaped body.
Your system is resistant to poisons. (rPois)
You cover ground very slowly.
You can spit poison.
You have a snake-like lower body.
Your flesh is cold resistant. (rC+)
You are strong-willed. (Will+)


Message History

Aiming: Vampiric Draining (safe; 1% risk of failure)
Press: ? - help, Shift-Dir - straight line, f/p - Dowan
Aim: Dowan, wielding a +0 dagger, wearing a +0 robe and carrying a wand of flame (9) (almost dead)
You draw life force from Dowan!
You kill Dowan!
Kikubaaqudgha accepts your kill.
Duvessa screams in rage.
Duvessa goes berserk!
Duvessa hits you with a +0 short sword.
* * * LOW HITPOINT WARNING * * *
Duvessa hits you with a +0 short sword.
* * * LOW HITPOINT WARNING * * *
Casting: Vampiric Draining (safe; 1% risk of failure)
Confirm with . or Enter, or press ? or * to list all spells.
Aiming: Vampiric Draining (safe; 1% risk of failure)
Press: ? - help, Shift-Dir - straight line, f - Duvessa
Aim: Duvessa, wielding a +0 short sword and wearing a +0 chain mail (moderately wounded, berserk)
You draw life force from Duvessa!
You feel life coursing into your body. Duvessa barely misses you.
Duvessa hits you but does no damage. Duvessa barely misses you.
Casting: Vampiric Draining (safe; 1% risk of failure)
Confirm with . or Enter, or press ? or * to list all spells.
Aiming: Vampiric Draining (safe; 1% risk of failure)
Press: ? - help, Shift-Dir - straight line, f/p - Duvessa
Aim: Duvessa, wielding a +0 short sword and wearing a +0 chain mail (heavily wounded, berserk)
You draw life force from Duvessa.
You feel life coursing into your body. Duvessa hits you with a +0 short sword!
* * * LOW HITPOINT WARNING * * *
Duvessa barely misses you.
Casting: Vampiric Draining (safe; 1% risk of failure)
Confirm with . or Enter, or press ? or * to list all spells.
Aiming: Sandblast (safe; 1% risk of failure)
Press: ? - help, Shift-Dir - straight line, f/p - Duvessa
Aim: Duvessa, wielding a +0 short sword and wearing a +0 chain mail (heavily wounded, berserk, 90% to hit)
The blast of sand hits Duvessa!
Duvessa is severely wounded.
Duvessa hits you with a +0 short sword!
* * * LOW HITPOINT WARNING * * *
Duvessa hits you with a +0 short sword!
You die...
Kikubaaqudgha rasps: "You have failed me!
Welcome... death!"

#.#####.#....#
#(#####.#.##.#
#.#.......##.#
#.........##.#
####.##.#.##.#
#.##....#.# ####
#.####....#
...#######.....#.###
..)'...........)@#
>..###########.#e#
...# #####.#.# ...#
#.....#.# ...#
##......# ...#
#..###### ...# #..#
#### #.e# #..#


You could see Duvessa (berserk).

Vanquished Creatures
  A kobold demonologist (D:8)
  Sigmund (D:3)
  A shadow (D:7)
  3 yaks
  A steam dragon (D:6)
  2 ice beasts (D:7)
  A sky beast (D:6)
  2 ogres (D:5)
  2 phantoms
  2 centaurs
  A gnoll sergeant (D:7)
  A bullfrog (D:7)
  9 kobold brigands
  2 necrophages (D:6)
  A scorpion (D:6)
  10 wights
  Dowan (D:7)
  3 howler monkeys
  2 orc priests
  A hound (D:6)
  A jelly (D:8)
  2 iguanas
  4 orc wizards
  5 adders
  13 gnolls
  5 shadow imps
  A white imp (D:7)
  2 worms
  2 dart slugs (D:4)
  22 orcs
  5 ball pythons
  2 endoplasms
  8 giant cockroaches
  6 goblins
  3 hobgoblins
  4 jackals (D:3)
  6 quokkas
  5 bats
  2 frilled lizards
  30 kobolds
  7 kobold skeletons (D:8)
  11 kobold zombies (D:8)
  3 rats
196 creatures vanquished.

Vanquished Creatures (collateral kills)
  A gnoll (D:2)
  A giant cockroach (D:3)
  A rat (D:2)
  A spectral hobgoblin (D:3)
4 creatures vanquished.

Vanquished Creatures (others)
  A kobold (D:6)
1 creature vanquished.

Grand Total: 201 creatures vanquished

Notes
Turn   | Place    | Note
-------+----------+-------------------------------------------
     0 | D:1      | Nacht the Naga Necromancer began the quest for the Orb.
     0 | D:1      | Reached XP level 1. HP: 15/15 MP: 3/3
   259 | D:1      | Reached XP level 2. HP: 22/22 MP: 1/5
   856 | D:2      | Reached XP level 3. HP: 27/28 MP: 1/6
   998 | D:2      | Reached XP level 4. HP: 34/36 MP: 0/8
  1002 | D:2      | Learned a level 3 spell: Vampiric Draining
  1007 | D:2      | Learned a level 4 spell: Animate Dead
  1316 | D:2      | Found Exixuizxis's Antique Weapon Emporium.
  1730 | D:3      | Reached skill level 5 in Necromancy
  1730 | D:3      | Reached XP level 5. HP: 42/42 MP: 2/9
  1793 | D:3      | Found a faded altar of an unknown god.
  1955 | D:3      | Noticed Sigmund
  1962 | D:3      | Killed Sigmund
  1963 | D:3      | Reached skill level 5 in Stealth
  1963 | D:3      | Reached XP level 6. HP: 35/49 MP: 3/12
  2954 | D:4      | Got An Initiation into the Mind of the Magus
  3118 | D:4      | Identified the +4 scale mail of Birdsong {rElec}
  3881 | D:5      | Entered Level 5 of the Dungeon
  3992 | D:5      | Learned a level 2 spell: Sublimation of Blood
  3994 | D:5      | Learned a level 1 spell: Sandblast
  4018 | D:5      | Found a runed translucent gate.
  4018 | D:5      | Found a runed translucent gate.
  4018 | D:5      | Found a runed translucent gate.
  4020 | D:5      | Noticed Darkkill's ghost (amateur MiHu)
  4096 | D:5      | Found a shimmering blue altar of Sif Muna.
  4097 | D:5      | Found a sparkling altar of Nemelex Xobeh.
  4121 | D:5      | Gained mutation: Your flesh is cold resistant. (rC+)
                  | [potion of mutation]
  4121 | D:5      | Gained mutation: You are strong-willed. (Will+) [potion of
                  | mutation]
  4148 | D:5      | HP: 2/49 [phantom (3)]
  4413 | D:6      | Reached skill level 1 in Earth Magic
  4424 | D:6      | Reached XP level 7. HP: 15/55 MP: 9/13
  4802 | D:6      | Noticed a steam dragon
  5615 | D:5      | Reached skill level 5 in Earth Magic
  5620 | D:5      | Reached XP level 8. HP: 17/62 MP: 0/14
  5922 | D:5      | Found a staircase to the Ecumenical Temple.
  6057 | Temple   | Entered the Ecumenical Temple
  6730 | D:6      | Reached skill level 5 in Spellcasting
  6969 | D:6      | Found a runed translucent door.
  6969 | D:6      | Noticed Airmonger's ghost (novice DsFi)
  7068 | D:6      | Reached XP level 9. HP: 64/68 MP: 11/16
  7320 | D:7      | Found a glowing golden altar of the Shining One.
  8311 | D:7      | Found an iron altar of Okawaru.
  8311 | D:7      | Found a shadowy altar of Dithmenos.
  8311 | D:7      | Noticed Duvessa
  8311 | D:7      | Noticed Dowan
  9272 | D:8      | Reached XP level 10. HP: 54/75 MP: 16/20
  9563 | D:8      | Noticed a kobold demonologist
  9565 | D:8      | Noticed an orange demon
  9582 | D:8      | Noticed a sun demon
  9583 | D:8      | Killed a kobold demonologist
  9689 | D:8      | Found an ancient bone altar of Kikubaaqudgha.
  9698 | D:8      | Became a worshipper of Kikubaaqudgha
  9769 | D:7      | Killed Dowan
  9772 | D:7      | Slain by Duvessa

Illustrated notes

Levels and vault maps discovered:
D:1:      lemuel_arrival_room, layout_basic, minmay_heptomino_h4
D:2:      layout_rooms, serial_shops, nicolae_shop_behind_doors,
          hangedman_abyss_or_decor_stabs
D:3:      layout_basic, dreamdust_ecumenical_altar_drowned_temple,
          gup_sewer_entry_pipe, uniq_sigmund
D:4:      layout_basic
D:5:      layout_cave_pools, gammafunk_temple_overflow_statue,
          lemuel_temple_firewalk_b, gammafunk_ghost_nasty_kobolds,
          hangedman_decor_push
D:6:      layout_loops_ring, gammafunk_ghost_grave, minmay_unpleasant_kobolds
D:7:      layout_basic, tso_oasis_becter, gammafunk_temple_overflow_pools,
          kennysheep_generic_room_9, uniq_duvessa
D:8:      wander_kiku_kobolds, layout_loops_ring, mainiacjoe_overflow_brackets,
          minmay_misc_feat_enclosed, hangedman_misty_isle
Temple:   nicolae_temple_bog_church

Skill      XL: |  1  2  3  4  5  6  7  8  9 10 |
---------------+-------------------------------+-----
Stealth        | 4 5 6 8 9 |  9.0
Spellcasting   | 3 4 5 7 |  7.7
Necromancy     | 5 6 8 9 |  9.2
Earth Magic    | 1 5 7 |  7.0
Dodging        | |  1.5

Action                     |  1- 3 |  4- 6 |  7- 9 | 10-12 || total
---------------------------+-------+-------+-------+-------++-------
  Melee: Unarmed           |     2 |       |       |       ||     2
         Punch             |     1 |       |     1 |       ||     2
         Dagger            |       |    45 |    57 |    21 ||   123
   Cast: Necrotise         |    42 |   109 |       |       ||   151
         Vampiric Draining |       |    12 |    21 |     6 ||    39
         Sandblast         |       |    19 |   215 |    58 ||   292
Ability: Spit Poison       |     1 |       |       |       ||     1
  Evoke: Wand              |       |       |    11 |       ||    11
    Use: Potion            |     1 |     9 |     3 |     4 ||    17
         Scroll            |       |     7 |     4 |       ||    11
   Stab: Sleeping          |       |     1 |       |       ||     1
 Armour: Leather armour    |     9 |    23 |    62 |    20 ||   114
  Dodge: Dodged            |    19 |    41 |   112 |    26 ||   198

Table legend: (Time is in decaauts)
 A = Elapsed time spent in this place.
 B = Non-inter-level travel time spent in this place.
 C = Inter-level travel time spent in this place.
 D = Time resting spent in this place.
 E = Time spent auto-exploring this place.
 F = Levels seen in this place.
 G = Mean time per level.
                   A        B        C        D        E       F      G
               +--------+--------+--------+--------+--------+-----+--------+
         Total |  11836 |  11502 |    334 |      0 |   9492 |   9 | 1315.1 |
       Dungeon |  11564 |  11259 |    305 |      0 |   9270 |   8 | 1445.5 |
        Temple |    272 |    243 |     29 |      0 |    222 |   1 |  272.0 |
               +--------+--------+--------+--------+--------+-----+--------+

Top non-repeatable levels by time:
     D:6: 2094 daAuts
     D:4: 1643 daAuts
     D:7: 1630 daAuts
     D:5: 1617 daAuts
     D:3: 1527 daAuts
     D:8: 1253 daAuts
     D:2: 923 daAuts
     D:1: 873 daAuts
  Temple: 272 daAuts
